APP
ELIZABETHTON TWINS @ GREENEVILLE ASTROS
05/13/2044
 
TOP OF THE 1ST
Elizabethton Twins batting - Pitching for Greeneville Astros : LHP Mark Sanders
Pitching: LHP Mark Sanders
Batting: RHB Andrew Nicol 0-0: Called Strike
0-1: Called Strike
0-2: Strikes out swinging
Batting: LHB David Campbell 0-0: Called Strike
0-1: Ball
1-1: Foul Ball, location: 2F
1-2: Reached on error, E4 (Groundball, 4, EV 85.0 MPH)
Batting: RHB Jose Gracia 0-0: Ball
1-0: Foul Ball, location: 2F
1-1: SINGLE (Line Drive, 5D, EV 101.9 MPH)
David Campbell to third
Batting: SHB Dan Morataya 0-0: DOUBLE (Groundball, 5L, EV 104.4 MPH)
David Campbell scores
Jose Gracia to third
Runner from 3rd tries for Home, SAFE, no throw by LF
Batting: RHB Alex Belton 0-0: Called Strike
0-1: Ball
1-1: Ground out 4-3 (Groundball, 13, EV 88.1 MPH)
Dan Morataya to third
Batting: LHB Jose Cotto 0-0: Ball
1-0: Called Strike
1-1: Fly out, F5 (Popup, 56S, EV 81.9 MPH)
Top of the 1st over - 2 runs, 2 hits, 1 error, 1 left on base; Elizabethton 2 - Greeneville 0
BOTTOM OF THE 1ST
Greeneville Astros batting - Pitching for Elizabethton Twins : RHP Andrew Rich
Pitching: RHP Andrew Rich
Batting: RHB Jason Monico 0-0: Ball
1-0: Swinging Strike
1-1: Ball
2-1: Swinging Strike
2-2: Ball
3-2: Foul Ball, location: 2F
3-2: Foul Ball, location: 2F
3-2: Ground out 5-3 (Groundball, 56, EV 87.5 MPH)
Batting: RHB Jorge Gutierrez 0-0: Called Strike
0-1: Foul Ball, location: 2F
0-2: Ball
1-2: Foul Ball, location: 2F
1-2: Ball
2-2: SINGLE (Groundball, 6D, EV 100.0 MPH)
Batting: RHB Ramon Castellon 0-0: Called Strike
0-1: Ball
1-1: Fly out, F2 (Popup, 2R, EV 92.5 MPH)
Batting: RHB Bruce Bermudez 0-0: Called Strike
0-1: Fly out, F8 (Flyball, 8RS, EV 89.4 MPH)
Bottom of the 1st over - 0 runs, 1 hit, 0 errors, 1 left on base; Elizabethton 2 - Greeneville 0
TOP OF THE 2ND
Elizabethton Twins batting - Pitching for Greeneville Astros : LHP Mark Sanders
Batting: RHB Nick Phipps 0-0: Ball
1-0: Ball
2-0: Called Strike
2-1: Swinging Strike
2-2: Foul Ball, location: 2F
2-2: SINGLE (Groundball, 6S, EV 68.1 MPH) (infield hit)
Batting: RHB Jimmy Mayville 0-0: Ball
1-0: Foul Ball, location: 2F
1-1: Ball
2-1: Ball
3-1: Swinging Strike
3-2: Base on Balls
Nick Phipps to second
Batting: SHB Nate Januchowski 0-0: Called Strike
0-1: Foul Ball, location: 2F
0-2: Ball
1-2: Ball
2-2: Ball
3-2: Foul Ball, location: 2F
3-2: SINGLE (Groundball, 34D, EV 108.8 MPH)
Nick Phipps to third
Jimmy Mayville to second
Batting: RHB Andrew Nicol 0-0: Called Strike
0-1: Called Strike
0-2: Ball
1-2: DOUBLE (Line Drive, 9LM, EV 96.9 MPH)
Nick Phipps scores
Jimmy Mayville scores
Nate Januchowski to third
Batting: LHB David Campbell 0-0: Foul Ball, location: 2F
0-1: Swinging Strike
0-2: Foul Ball, location: 2F
0-2: Reached on error, E6 (Groundball, 6, EV 80.6 MPH)
Nate Januchowski scores
Andrew Nicol to third
Batting: RHB Jose Gracia 0-0: Called Strike
Pickoff Throw to First - Out! 1-3
0-1: Called Strike
0-2: Ball
1-2: Ball
2-2: Ball
3-2: Base on Balls
Pitching: LHP Ruben Rojas
Batting: SHB Dan Morataya 0-0: Ball
1-0: Ball
Wild Pitch!
Andrew Nicol scores
Jose Gracia to second
2-0: Called Strike
2-1: Ball
3-1: Called Strike
3-2: Strikes out swinging
Batting: RHB Alex Belton 0-0: Ball
1-0: Ball
2-0: Called Strike
2-1: Ball
3-1: Swinging Strike
3-2: Base on Balls
Batting: LHB Jose Cotto 0-0: Ball
1-0: Ball
2-0: Foul Ball, location: 2F
2-1: Foul Ball, location: 2F
2-2: Foul Ball, location: 2F
2-2: Ground out 5-3 (Groundball, 56S, EV 85.0 MPH)
Top of the 2nd over - 4 runs, 3 hits, 1 error, 2 left on base; Elizabethton 6 - Greeneville 0
BOTTOM OF THE 2ND
Greeneville Astros batting - Pitching for Elizabethton Twins : RHP Andrew Rich
Batting: LHB Josh Birkner 0-0: Called Strike
0-1: Ball
1-1: Foul Ball, location: 2F
1-2: SINGLE (Groundball, 4D, EV 108.8 MPH)
Batting: RHB Ryan Salas 0-0: Called Strike
0-1: Called Strike
0-2: Strikes out looking
Batting: LHB Kyle Moore 0-0: Ball
1-0: Ball
2-0: Called Strike
2-1: Ball
3-1: Base on Balls
Josh Birkner to second
Batting: LHB Jimmy Edlin 0-0: Called Strike
0-1: Swinging Strike
0-2: Ball
1-2: Foul Ball, location: 2F
1-2: Strikes out looking
Batting: RHB Guo-ning Chen 0-0: Ball
1-0: Fielders Choice at 2nd, 5-4 (Groundball, 56, EV 81.3 MPH)
Bottom of the 2nd over - 0 runs, 1 hit, 0 errors, 2 left on base; Elizabethton 6 - Greeneville 0
TOP OF THE 3RD
Elizabethton Twins batting - Pitching for Greeneville Astros : LHP Ruben Rojas
Pitching: RHP James Browning
Batting: RHB Nick Phipps 0-0: Called Strike
0-1: Ball
1-1: Foul Ball, location: 2F
1-2: Strikes out swinging
Batting: RHB Jimmy Mayville 0-0: Swinging Strike
0-1: Ball
1-1: Ground out 4-3 (Groundball, 4, EV 99.4 MPH)
Batting: SHB Nate Januchowski 0-0: Called Strike
0-1: Foul Ball, location: 2F
0-2: SOLO HOME RUN (Flyball, 89XD, EV 114.4 MPH), Distance : 429 ft
Batting: RHB Andrew Nicol 0-0: Ball
1-0: Ball
2-0: Swinging Strike
2-1: SINGLE (Groundball, 4MD, EV 99.4 MPH)
Batting: LHB David Campbell 0-0: Foul Ball, location: 2F
0-1: Ball
1-1: Ball
2-1: SINGLE (Line Drive, 4D, EV 98.8 MPH)
Andrew Nicol to second
Batting: RHB Jose Gracia 0-0: Called Strike
0-1: Fielders Choice at 2nd, 6-4 (Groundball, 56, EV 83.1 MPH)
Top of the 3rd over - 1 run, 3 hits, 0 errors, 2 left on base; Elizabethton 7 - Greeneville 0
BOTTOM OF THE 3RD
Greeneville Astros batting - Pitching for Elizabethton Twins : RHP Andrew Rich
Batting: RHB Jason Monico 0-0: Ball
1-0: Ball
2-0: Called Strike
2-1: Foul Ball, location: 2F
2-2: Ball
3-2: Strikes out swinging
Batting: RHB Jorge Gutierrez 0-0: Ball
1-0: Ground out 5-3 (Groundball, 56S, EV 81.3 MPH)
Batting: RHB Ramon Castellon 0-0: Ball
1-0: Called Strike
1-1: Ball
2-1: Foul Ball, location: 2F
2-2: Foul Ball, location: 2F
2-2: Strikes out swinging
Bottom of the 3rd over - 0 runs, 0 hits, 0 errors, 0 left on base; Elizabethton 7 - Greeneville 0
TOP OF THE 4TH
Elizabethton Twins batting - Pitching for Greeneville Astros : RHP James Browning
Batting: SHB Dan Morataya 0-0: Called Strike
0-1: Ball
1-1: Foul Ball, location: 2F
1-2: Ball
2-2: Fly out, F9 (Flyball, 9D, EV 101.9 MPH)
Batting: RHB Alex Belton 0-0: Called Strike
0-1: Foul Ball, location: 2F
0-2: Ball
1-2: Ball
2-2: Foul Ball, location: 2F
2-2: Ball
3-2: Base on Balls
Batting: LHB Jose Cotto 0-0: Ball
1-0: Ball
2-0: Foul Ball, location: 2F
2-1: 2-RUN HOME RUN (Flyball, 89XD, EV 107.5 MPH), Distance : 415 ft
Batting: RHB Nick Phipps 0-0: Ball
1-0: Ball
2-0: Ball
3-0: Called Strike
3-1: Foul Ball, location: 2F
3-2: Foul Ball, location: 2F
3-2: Foul Ball, location: 2F
3-2: SOLO HOME RUN (Flyball, 7D, EV 98.1 MPH), Distance : 374 ft
Pitching: RHP Josh Willig
Batting: RHB Jimmy Mayville 0-0: Ball
1-0: Ball
2-0: Ball
3-0: Called Strike
3-1: Base on Balls
Batting: SHB Nate Januchowski 0-0: Foul Ball, location: 2F
0-1: Called Strike
0-2: Foul Ball, location: 2F
0-2: Ball
1-2: Strikes out looking
Batting: RHB Andrew Nicol 0-0: Foul Ball, location: 2F
0-1: Swinging Strike
0-2: Foul Ball, location: 2F
0-2: Ball
1-2: Fly out, F9 (Flyball, 9S, EV 79.4 MPH)
Top of the 4th over - 3 runs, 2 hits, 0 errors, 1 left on base; Elizabethton 10 - Greeneville 0
BOTTOM OF THE 4TH
Greeneville Astros batting - Pitching for Elizabethton Twins : RHP Andrew Rich
Batting: RHB Bruce Bermudez 0-0: Ball
1-0: Ball
2-0: Called Strike
2-1: Ball
3-1: Foul Ball, location: 2F
3-2: Base on Balls
Batting: LHB Josh Birkner 0-0: Ball
1-0: Ball
2-0: Fly out, F9 (Flyball, 9D, EV 99.4 MPH)
Batting: RHB Ryan Salas 0-0: Ball
1-0: Called Strike
1-1: Foul Ball, location: 2F
1-2: SINGLE (Line Drive, 9S, EV 107.5 MPH)
Bruce Bermudez to second
Batting: LHB Kyle Moore 0-0: Ball
1-0: Swinging Strike
1-1: Fly out, F8 (Line Drive, 8RD, EV 97.5 MPH)
Batting: LHB Jimmy Edlin 0-0: Called Strike
0-1: Called Strike
0-2: Foul Ball, location: 2F
0-2: Ball
1-2: Fly out, F8 (Flyball, 8LD, EV 105.6 MPH)
Bottom of the 4th over - 0 runs, 1 hit, 0 errors, 2 left on base; Elizabethton 10 - Greeneville 0
TOP OF THE 5TH
Elizabethton Twins batting - Pitching for Greeneville Astros : RHP Josh Willig
Batting: LHB David Campbell 0-0: Called Strike
0-1: Swinging Strike
0-2: SINGLE (Flyball, 56D, EV 83.1 MPH)
Batting: RHB Jose Gracia 0-0: Called Strike
0-1: Swinging Strike
0-2: Strikes out looking
Batting: SHB Dan Morataya 0-0: Ball
1-0: DOUBLE (Groundball, 5L, EV 103.8 MPH)
David Campbell to third
Batting: RHB Alex Belton 0-0: Ball
1-0: Ball
2-0: Foul Ball, location: 2F
2-1: Ball
3-1: Base on Balls
Batting: LHB Jose Cotto 0-0: Foul Ball, location: 2F
0-1: Called Strike
0-2: Ball
1-2: Ball
2-2: Ball
3-2: Base on Balls
David Campbell scores
Dan Morataya to third
Alex Belton to second
Pitching: RHP Calisto Morda
Batting: RHB Nick Phipps 0-0: Called Strike
0-1: Ball
1-1: Foul Ball, location: 2F
1-2: Foul Ball, location: 2F
1-2: Fly out, F5 (Line Drive, 5, EV 72.5 MPH)
Lined into DP, U5 (Line Drive, 5, EV 76.9 MPH)
Top of the 5th over - 1 run, 2 hits, 0 errors, 2 left on base; Elizabethton 11 - Greeneville 0
BOTTOM OF THE 5TH
Greeneville Astros batting - Pitching for Elizabethton Twins : RHP Andrew Rich
Pitching: RHP Jon Hice
Batting: RHB Guo-ning Chen 0-0: Called Strike
0-1: Ball
1-1: Ground out 6-3 (Groundball, 56, EV 83.1 MPH)
Batting: RHB Jason Monico 0-0: Ground out 5-3 (Groundball, 56S, EV 85.6 MPH)
Batting: RHB Jorge Gutierrez 0-0: Called Strike
0-1: Ball
1-1: Foul Ball, location: 2F
1-2: Strikes out swinging
Bottom of the 5th over - 0 runs, 0 hits, 0 errors, 0 left on base; Elizabethton 11 - Greeneville 0
TOP OF THE 6TH
Elizabethton Twins batting - Pitching for Greeneville Astros : RHP Calisto Morda
Batting: RHB Jimmy Mayville 0-0: Ball
1-0: Ball
2-0: Foul Ball, location: 2F
2-1: Foul Ball, location: 2F
2-2: Foul Ball, location: 2F
2-2: Ball
3-2: Base on Balls
Batting: SHB Nate Januchowski 0-0: Foul Ball, location: 2F
0-1: Ball
1-1: Swinging Strike
1-2: Ball
2-2: Foul Ball, location: 2F
2-2: Fielders Choice at 2nd, 1-6 (Groundball, P, EV 65.6 MPH)
Pitching: RHP Jaquan Alston
Batting: RHB Andrew Nicol 0-0: Ball
1-0: Called Strike
1-1: Swinging Strike
1-2: Ball
2-2: SINGLE (Line Drive, 5D, EV 98.1 MPH)
Nate Januchowski to second
Batting: LHB David Campbell 0-0: Ball
1-0: Foul Ball, location: 2F
1-1: Reached on error, E6 (Groundball, 6, EV 78.1 MPH)
Nate Januchowski to third
Andrew Nicol to second
Batting: RHB Jose Gracia 0-0: Called Strike
0-1: Foul Ball, location: 2F
0-2: Foul Ball, location: 2F
0-2: Ball
1-2: Foul Ball, location: 2F
1-2: Fly out, F8 (Line Drive, 8RM, EV 90.6 MPH)
Batting: SHB Dan Morataya 0-0: Called Strike
0-1: Swinging Strike
0-2: SINGLE (Line Drive, 8LS, EV 88.8 MPH)
Nate Januchowski scores
Andrew Nicol to third
David Campbell to second
Runner from 3rd tries for Home, throw by CF and OUT! 8-2
Top of the 6th over - 1 run, 2 hits, 1 error, 2 left on base; Elizabethton 12 - Greeneville 0
BOTTOM OF THE 6TH
Greeneville Astros batting - Pitching for Elizabethton Twins : RHP Jon Hice
Batting: RHB Ramon Castellon 0-0: Ball
1-0: Ball
2-0: Foul Ball, location: 2F
2-1: Ball
3-1: SOLO HOME RUN (Flyball, 9D, EV 93.1 MPH), Distance : 349 ft
Batting: RHB Bruce Bermudez 0-0: SINGLE (Groundball, 5S, EV 63.1 MPH) (infield hit)
Batting: LHB Josh Birkner 0-0: Ball
Bruce Bermudez steals 2nd base (no throw)
1-0: Ball
2-0: Called Strike
2-1: SINGLE (Line Drive, 9, EV 91.9 MPH)
Bruce Bermudez to third
Pitching: RHP Ewan Wijker
Batting: RHB Ryan Salas 0-0: Ball
1-0: Grounds into double play, 1-4-3 (Groundball, 15S, EV 75.0 MPH)
Batting: LHB Kyle Moore 0-0: Called Strike
0-1: Ball
1-1: Foul Ball, location: 2F
1-2: Fly out, F9 (Flyball, 89M, EV 78.8 MPH)
Bottom of the 6th over - 1 run, 3 hits, 0 errors, 1 left on base; Elizabethton 12 - Greeneville 1
TOP OF THE 7TH
Elizabethton Twins batting - Pitching for Greeneville Astros : RHP Jaquan Alston
Batting: RHB Alex Belton 0-0: Ball
1-0: Foul Ball, location: 2F
1-1: Ball
2-1: Called Strike
2-2: Foul Ball, location: 2F
2-2: SOLO HOME RUN (Flyball, 9D, EV 100.0 MPH), Distance : 370 ft
Batting: LHB Jose Cotto 0-0: Called Strike
0-1: Called Strike
0-2: Ball
1-2: Ball
2-2: SINGLE (Groundball, 4MD, EV 101.9 MPH)
Batting: RHB Nick Phipps 0-0: Ball
1-0: Foul Ball, location: 2F
1-1: Ball
2-1: Called Strike
2-2: Strikes out swinging
Batting: RHB Jimmy Mayville 0-0: Called Strike
0-1: SINGLE (Groundball, 6MD, EV 94.4 MPH)
Jose Cotto to second
Batting: SHB Nate Januchowski 0-0: Called Strike
0-1: Ball
1-1: 3-RUN HOME RUN (Flyball, 7LD, EV 99.4 MPH), Distance : 360 ft
Batting: RHB Andrew Nicol 0-0: Ball
1-0: DOUBLE (Line Drive, 9LM, EV 111.9 MPH)
Batting: LHB David Campbell 0-0: Called Strike
0-1: Ball
1-1: Foul Ball, location: 2F
1-2: Ball
2-2: Ball
3-2: Base on Balls
Batting: RHB Jose Gracia 0-0: Ball
1-0: 3-RUN HOME RUN (Flyball, 7D, EV 97.5 MPH), Distance : 382 ft
Batting: SHB Dan Morataya 0-0: Ball
1-0: Foul Ball, location: 2F
1-1: Foul Ball, location: 2F
1-2: Ball
2-2: Ball
3-2: Base on Balls
Batting: RHB Alex Belton 0-0: Called Strike
0-1: Foul Ball, location: 2F
0-2: Ball
1-2: Ball
2-2: Fielders Choice at 2nd, 3-6 (Groundball, 34D, EV 103.1 MPH)
Batting: LHB Jose Cotto 0-0: Called Strike
0-1: Ball
1-1: Swinging Strike
1-2: Ball
2-2: Ball
3-2: Base on Balls
Alex Belton to second
Batting: RHB Nick Phipps 0-0: Swinging Strike
0-1: Called Strike
0-2: SINGLE (Groundball, 6M, EV 101.3 MPH) (infield hit)
Alex Belton to third
Jose Cotto to second
Batting: RHB Jimmy Mayville 0-0: Ball
1-0: Ball
2-0: Foul Ball, location: 2F
2-1: Foul Ball, location: 2F
2-2: Ball
3-2: Base on Balls
Alex Belton scores
Jose Cotto to third
Nick Phipps to second
Batting: SHB Nate Januchowski 0-0: Ball
1-0: Ball
2-0: Ball
3-0: Base on Balls
Jose Cotto scores
Nick Phipps to third
Jimmy Mayville to second
Batting: RHB Andrew Nicol 0-0: Ball
1-0: Foul Ball, location: 2F
1-1: GRAND SLAM HOME RUN (Flyball, 7D, EV 98.8 MPH), Distance : 396 ft
Batting: LHB David Campbell 0-0: DOUBLE (Line Drive, 7LS, EV 92.5 MPH)
Batting: RHB Jose Gracia 0-0: Ball
1-0: Ball
2-0: Called Strike
2-1: Swinging Strike
2-2: Foul Ball, location: 2F
2-2: Foul Ball, location: 2F
2-2: Ball
3-2: Base on Balls
Batting: SHB Dan Morataya 0-0: Called Strike
0-1: Foul Ball, location: 2F
0-2: Ball
1-2: Ball
2-2: Strikes out swinging
Top of the 7th over - 13 runs, 9 hits, 0 errors, 2 left on base; Elizabethton 25 - Greeneville 1
BOTTOM OF THE 7TH
Greeneville Astros batting - Pitching for Elizabethton Twins : RHP Ewan Wijker
Batting: LHB Jimmy Edlin 0-0: Called Strike
0-1: Called Strike
0-2: Strikes out swinging
Batting: RHB Guo-ning Chen 0-0: Ball
1-0: Ground out 5-3 (Groundball, 56S, EV 88.8 MPH)
Batting: RHB Jason Monico 0-0: Ball
1-0: Foul Ball, location: 2F
1-1: Foul Ball, location: 2F
1-2: Foul Ball, location: 2F
1-2: Foul Ball, location: 2F
1-2: Ground out 4-3 (Groundball, 4M, EV 91.9 MPH)
Bottom of the 7th over - 0 runs, 0 hits, 0 errors, 0 left on base; Elizabethton 25 - Greeneville 1
TOP OF THE 8TH
Elizabethton Twins batting - Pitching for Greeneville Astros : RHP Jaquan Alston
Batting: RHB Alex Belton 0-0: Reached on error, E3 (Groundball, 34, EV 104.4 MPH)
Batting: LHB Jose Cotto 0-0: Ball
1-0: Called Strike
1-1: Ball
2-1: Swinging Strike
2-2: Ball
3-2: Strikes out swinging
Batting: RHB Nick Phipps 0-0: Called Strike
0-1: Ball
1-1: Ball
2-1: Ball
3-1: Base on Balls
Batting: RHB Jimmy Mayville 0-0: Grounds into double play, 3-6-3 (Groundball, 34, EV 84.4 MPH)
Top of the 8th over - 0 runs, 0 hits, 1 error, 1 left on base; Elizabethton 25 - Greeneville 1
BOTTOM OF THE 8TH
Greeneville Astros batting - Pitching for Elizabethton Twins : RHP Ewan Wijker
Batting: RHB Jorge Gutierrez 0-0: Ground out 6-3 (Groundball, 6, EV 82.5 MPH)
Batting: RHB Ramon Castellon 0-0: Ball
1-0: Ball
2-0: Ball
3-0: Called Strike
3-1: DOUBLE (Groundball, 5L, EV 109.4 MPH)
Batting: RHB Bruce Bermudez 0-0: Ball
1-0: Called Strike
1-1: Ball
2-1: Fly out, F7 (Flyball, 7D, EV 96.9 MPH)
Runner from 2nd tags up, SAFE at 3rd, no throw by LF
Batting: LHB Josh Birkner Balk!
Ramon Castellon scores
0-0: Called Strike
0-1: Ball
1-1: Swinging Strike
1-2: Foul Ball, location: 2F
1-2: Reached on error, E4 (Groundball, 4, EV 78.8 MPH)
Batting: RHB Ryan Salas 0-0: Ball
1-0: Hit by Pitch
Josh Birkner to second
Batting: LHB Kyle Moore 0-0: Called Strike
0-1: Called Strike
0-2: Fly out, F8 (Flyball, 8RM, EV 88.8 MPH)
Bottom of the 8th over - 1 run, 1 hit, 1 error, 2 left on base; Elizabethton 25 - Greeneville 2
TOP OF THE 9TH
Elizabethton Twins batting - Pitching for Greeneville Astros : RHP Jaquan Alston
Batting: SHB Nate Januchowski 0-0: Ball
1-0: SINGLE (Line Drive, 4MD, EV 95.6 MPH)
Batting: RHB Andrew Nicol 0-0: Fielders Choice at 2nd, 4-6 (Groundball, 4M, EV 100.0 MPH)
Batting: LHB David Campbell 0-0: Ball
1-0: Ball
2-0: Ball
3-0: Base on Balls
Andrew Nicol to second
Batting: RHB Jose Gracia 0-0: 3-RUN HOME RUN (Flyball, 7D, EV 98.1 MPH), Distance : 382 ft
Batting: SHB Dan Morataya 0-0: Foul Ball, location: 2F
0-1: Fly out, F4 (Popup, 4, EV 58.8 MPH)
Batting: RHB Alex Belton 0-0: Called Strike
0-1: Foul Ball, location: 2F
0-2: SINGLE (Groundball, 56, EV 100.0 MPH) (infield hit)
Batting: LHB Jose Cotto 0-0: Ground out U3 (Groundball, 34S, EV 83.8 MPH)
Top of the 9th over - 3 runs, 3 hits, 0 errors, 1 left on base; Elizabethton 28 - Greeneville 2
BOTTOM OF THE 9TH
Greeneville Astros batting - Pitching for Elizabethton Twins : RHP Ewan Wijker
Batting: LHB Jimmy Edlin 0-0: Called Strike
0-1: Ball
1-1: Fly out, F8 (Flyball, 8LXD, EV 94.4 MPH)
Batting: RHB Guo-ning Chen 0-0: Ball
1-0: Ball
2-0: Ball
3-0: Called Strike
3-1: Foul Ball, location: 2F
3-2: Base on Balls
Pitching: RHP Noah Davies
Batting: RHB Jason Monico 0-0: Ball
1-0: Fly out, F8 (Flyball, 78D, EV 83.1 MPH)
Batting: RHB Jorge Gutierrez 0-0: Fly out, F8 (Flyball, 8RM, EV 93.1 MPH)
Bottom of the 9th over - 0 runs, 0 hits, 0 errors, 1 left on base; Elizabethton 28 - Greeneville 2
Thursday, March 31st , 2022 - OOTP Baseball 22.12 Build 89